Map: Acropolis LE

Players

Mez

  • Race: Terran Terran
  • League: Master
  • Spawn Location: 5:00

A.I. 1 (Very Easy) - Winner!

  • Race: Protoss Protoss
  • Spawn Location: 11:00

VOD

Have the link to the VOD?

Description

Time

  • Played on: Aug. 9, 2019, 4:58 p.m.
  • Length: 4:30
Show
View Real Time Build Order
Export as new Build Order

Mez Terran 

Build Orders: Reaper Expand 

Get SALT Encoding   

  12  0:01  SCV  
  13  0:14  SCV  
  14  0:18  Supply Depot  
  14  0:26  SCV  
  15  0:39  SCV  
  15  0:41  Barracks  
  16  0:45  Refinery  
  16  0:51  SCV  
  17  1:03  SCV  
  18  1:17  SCV  
  19  1:29  Reaper, Orbital Command  
  20  1:41  Command Center  
  20  1:47  Bunker  
  20  1:55  SCV  
  21  2:02  Barracks Reactor  
  21  2:03  Supply Depot  
  21  2:10  SCV  
  23  2:22  SCV  
  23  2:32  Command Center  
  23  2:35  SCV  
  24  2:38  Marine x2  
  26  2:47  Factory  
  26  2:49  SCV  
  27  2:56  Orbital Command  
  27  3:01  Marine x2  
  27  3:03  SCV  
  30  3:13  Refinery  
  30  3:16  SCV  
  30  3:19  Marine x2  
  33  3:23  SCV  
  34  3:28  SCV  
  34  3:32  Widow Mine  
  37  3:35  SCV  
  37  3:38  Starport  
  37  3:39  Marine x2  
  40  3:42  SCV  
  40  3:47  SCV, Orbital Command  
  42  3:54  Widow Mine, SCV  
  45  3:59  SCV  
  45  4:00  Marine x2  
  48  4:06  SCV  
  49  4:11  SCV  
  49  4:12  SCV  
  49  4:14  Starport Tech Lab  
  51  4:18  Supply Depot  
  53  4:24  Refinery  
Show
View Real Time Build Order
Export as new Build Order

A.I. 1 (Very Easy) Protoss - Winner!

Build Orders:  

Get SALT Encoding   

  12  0:00  Probe  
  13  0:13  Probe  
  14  0:19  Pylon  
  14  0:37  Assimilator  
  14  0:43  Gateway  
  14  0:45  Pylon  
  14  1:13  Assimilator  
  14  1:22  Zealot, Probe  
  14  1:30  Probe  
  17  1:33  Cybernetics Core  
  18  1:40  Probe  
  19  1:52  Probe  
  20  1:59  Warp Gate  
  20  2:01  Probe  
  21  2:09  Probe  
  22  2:45  Stalker  
Tags
 
Add a new tag
Caveats
  • Supply blocks, unpowered buildings, or Contaminate may cause inaccurate times.
  • Supply counts are checked every 10 seconds.